 Dungeon Crawl Stone Soup version 0.26-a0-808-g930a2b7adc (webtiles) character file.

Game seed: 3963047015214013938

5800 Riddle the Summoner (level 10, 0/63 HPs)
             Began as a Barachi Summoner on Nov 12, 2020.
             Was a Believer of Makhleb.
             Slain by a hornet simulacrum (4 damage)
             ... in a Gauntlet.
             The game lasted 01:13:17 (18534 turns).

Riddle the Summoner (Barachi Summoner)             Turns: 18534, Time: 01:13:17

Health: 0/63       AC:  7    Str: 11    XL:     10   Next: 79%
Magic:  19/23      EV: 12    Int: 18    God:    Makhleb [**....]
Gold:   753        SH: 12    Dex: 14    Spells: 13/27 levels left

rFire    + + +     SeeInvis .   L - +1 dagger (vamp)
rCold    + + .     Faith    .   I - +2 buckler {rF+}
rNeg     . . .     Spirit   .   P - +2 robe {rC+ rF+}
rPois    +         Reflect  +   (no helmet)
rElec    +         Harm     .   F - +0 cloak
rCorr    +         Rampage  .   o - +0 pair of gloves
MR       .....     NoTele   +   v - +0 pair of boots
Stlth    ++........             y - amulet "Xeb Geec" {Reflect Str+2 SH+5}
HPRegen  0.20/turn              a - +4 ring of slaying
MPRegen  0.18/turn              q - ring of protection from fire

@: resistant, can't hop, slow
A: +LOS, swims, slowness 1, strong legs 1
a: Hop, Minor Destruction, Renounce Religion


You were in a Gauntlet.
You worshipped Makhleb.
Makhleb was pleased with you.
You visited 3 branches of the dungeon, and saw 13 of its levels.
You also visited: Gauntlet.

You collected 753 gold pieces.

Inventory:

Hand Weapons
 L - a +1 vampiric dagger (weapon)
Armour
 h - a +0 tower shield
 o - a +0 pair of gloves (worn)
 v - a +0 pair of boots (worn)
 w - a +2 robe of positive energy
 F - a +0 cloak (worn)
 I - a +2 buckler of fire resistance (worn)
 P - a +2 robe of resistance (worn)
Jewellery
 a - a +4 ring of slaying (left hand)
 l - a cursed ring of teleportation
 q - a ring of protection from fire (right hand)
 y - the amulet "Xeb Geec" (around neck) {Reflect Str+2 SH+5}
   (You found it on level 6 of the Dungeon)

   [amulet of reflection]

   It shields you and reflects attacks.
   It affects your strength (+2).
   It affects your SH (+5).
 N - an uncursed amulet of faith {unknown}
 O - an uncursed amulet of the acrobat {unknown}
Wands
 u - a wand of random effects (9)
 A - a wand of paralysis (17)
 M - a wand of polymorph (6)
Scrolls
 b - 2 scrolls of remove curse
 f - 2 scrolls of fear
 m - a scroll of magic mapping
 n - 7 scrolls of teleportation
 p - 3 scrolls of blinking
 r - 3 scrolls of enchant weapon
 t - 3 scrolls of amnesia
 B - a scroll of fog
 E - a scroll of immolation
 G - a scroll of brand weapon
Potions
 c - 2 potions of cancellation {unknown}
 e - 3 potions of curing
 g - a potion of mutation {unknown}
 i - a potion of magic {unknown}
 j - a potion of might {unknown}
 k - 2 potions of ambrosia {unknown}
 s - 2 potions of brilliance {unknown}
 x - a potion of resistance
 C - 2 potions of lignification {unknown}
 D - 4 potions of heal wounds {unknown}
 J - a potion of attraction {unknown}
 K - 3 potions of degeneration {unknown}


   Skills:
 - Level 2.1 Dodging
 - Level 1.7 Stealth
 - Level 4.0 Shields
 + Level 9.2 Spellcasting
 * Level 14.9 Summonings


You had 13 spell levels left.
You knew the following spells:

 Your Spells              Type           Power        Failure   Level
a - Summon Ice Beast      Ice/Summ       #####...     4%          4
b - Call Canine Familiar  Summ           ######..     1%          3
c - Summon Guardian Gole  Hex/Summ       #####...     1%          3
d - Summon Lightning Spi  Summ/Air       #####...     4%          4

Your spell library contained the following spells:

 Spells                   Type           Power        Failure   Level
 Summon Small Mammal      Summ           ####         1%          1
 Call Imp                 Summ           ######..     1%          2
 Animate Skeleton         Necr           #.....       9%          1
 Apportation              Tloc           #.....       9%          1
 Corona                   Hex            #......      9%          1
 Magic Dart               Conj           #...         9%          1
 Pain                     Necr           #...         9%          1
 Searing Ray              Conj           #.....       13%         2
 Dazzling Flash           Conj/Hex       #.....       26%         3
 Vampiric Draining        Necr           #.........   26%         3
 Animate Dead             Necr           #.........   65%         4
 Fulminant Prism          Conj/Hex       #.........   65%         4
 Iskenderun's Mystic Bla  Conj/Tloc      #.......     65%         4
 Agony                    Necr           #.......     94%         5


Dungeon Overview and Level Annotations

Branches:
Dungeon (11/15)            Temple (1/1) D:6            Lair (1/6) D:9
    Orc (0/2) D:9         Gauntlet (1/1)

Altars:
Ashenzari
Cheibriados
Dithmenos
Elyvilon
Fedhas
Gozag
Hepliaklqana
Kikubaaqudgha
Makhleb
Nemelex Xobeh
Okawaru
Qazlal
Ru
Sif Muna
Trog
Uskayaw
Vehumet
Wu Jian
Xom
Yredelemnul
Zin
The Shining One

Shops:
D:10 *::

Portals:
Trove: D:11 (show slimy rune of Zot)

Annotations:
Gauntlet 11 transporters, 21 runed translucent doors, exclusion: obsidian statue


Innate Abilities, Weirdness & Mutations

You can be seen from farther away. (+LOS)
You can swim through water.
You cover ground slowly.
You can hop short distances.


Message History

Unknown command.
Okay, then.
Press: ? - help, Dir - move target cursor Boing!
Your wolf barely misses the wolf spider simulacrum.
You feel protected.
Your wolf barely misses the wolf spider simulacrum.
The hornet simulacrum hits you but does no damage.
Your wolf bites the wolf spider simulacrum!
The wolf spider simulacrum hits your wolf!
The wolf spider simulacrum freezes your wolf!!
Your wolf dies!
Your wolf's corpse disappears in a puff of smoke!
The hornet simulacrum barely misses you.
There is a transporter here.
You enter the transporter and appear at another place.
The hornet simulacrum hits you.
* * * LOW HITPOINT WARNING * * *
The hornet simulacrum freezes you. You resist.
You die...

#..#...#.#.W.#.#.#545+..+..#.#.#3
#..#############.###########.####
#......#©........#≈≈≈≈8≈≈§≈#.....
#≈.....#########.###########.####
#####..........#.#.........#.#...
#8#..........#.#.#.#.#.#.#.#...
###########..#Z#..#.#.#..#.#..#
#8# #8#..#Z#!#.#§#.#.#.#..# ###
###..#@#§Z#Z©.#..#©#..#
#..###.#.#.#.#.###..#
#....#!.#.#.#..#....#
#....#.#.#.#.#.#....#
###..#.........#..###
#8#..###########..#8#
###...............###
#≈.............≈#
#################


You could see an ice devil, a shadow, 2 white imps, a bullfrog simulacrum, a
hornet simulacrum, a wolf spider simulacrum and a centaur warrior simulacrum.

Vanquished Creatures
  Pikel (D:4)
  A yak (D:10)
  A centaur (D:6)
  A bullfrog (D:7)
  A big kobold (D:3)
  2 orc wizards
  An orc priest (D:3)
  A hound (D:6)
  6 adders
  3 ufetubi
  A dart slug (D:2)
  5 orcs
  2 quokkas
  2 kobolds
  A rat (D:5)
29 creatures vanquished.

Vanquished Creatures (collateral kills)
  2 hydras
  2 two-headed ogres
  Nergalle (D:11)
  2 skeletal warriors
  2 cane toads (Lair:1)
  Grinder (D:4)
  3 yaks (D:10)
  Edmund (D:5)
  A hornet zombie (D:11)
  A phantom (D:8)
  3 ice beasts
  An eye of draining (D:10)
  6 orc warriors
  3 ogres
  2 centaurs
  2 big kobolds
  6 bullfrogs
  2 scorpions
  4 wights (D:8)
  A howler monkey (D:7)
  A nameless horror (D:10)
  A jelly (D:10)
  A bullfrog zombie (D:10)
  A centaur zombie (D:6)
  A quasit (D:10)
  A bullfrog skeleton (D:9)
  2 centaur skeletons (D:10)
  4 hounds
  Crazy Yiuf (D:6)
  9 orc priests
  10 orc wizards
  4 iguanas
  5 worker ants
  A hound zombie (D:8)
  A hound skeleton (D:11)
  10 gnolls
  3 river rats (D:5)
  10 adders
  A shadow imp (D:6)
  5 white imps
  2 ufetubi (Gauntlet)
  3 oozes
  2 adder skeletons
  3 worms
  3 dart slugs
  3 leopard geckos
  38 orcs
  2 ball pythons
  7 bats
  8 giant cockroaches
  4 goblins
  8 hobgoblins
  3 jackals (D:1)
  2 quokkas
  2 frilled lizards (D:3)
  21 kobolds
  A leopard gecko skeleton (D:4)
  7 rats
237 creatures vanquished.

Vanquished Creatures (others)
  2 kobolds (D:10)
2 creatures vanquished.

Grand Total: 268 creatures vanquished

Notes
Turn   | Place    | Note
-------+----------+-------------------------------------------
     0 | D:1      | Riddle the Barachi Summoner began the quest for the Orb.
     0 | D:1      | Reached XP level 1. HP: 13/13 MP: 3/3
    56 | D:1      | Reached skill level 5 in Summonings
   252 | D:1      | Reached XP level 2. HP: 19/19 MP: 1/5
  1300 | D:2      | Found a shimmering blue altar of Sif Muna.
  1691 | D:3      | Reached XP level 3. HP: 24/24 MP: 1/7
  1954 | D:3      | Noticed a big kobold
  1993 | D:3      | Killed a big kobold
  1993 | D:3      | Reached skill level 6 in Summonings
  1993 | D:3      | Reached XP level 4. HP: 26/30 MP: 1/8
  2570 | D:3      | Reached XP level 5. HP: 35/35 MP: 4/10
  3018 | D:3      | Reached skill level 7 in Summonings
  3966 | D:3      | Learned a level 3 spell: Call Canine Familiar
  4322 | D:4      | Noticed Grinder
  4479 | D:4      | Reached XP level 6. HP: 29/41 MP: 2/11
  5217 | D:4      | Killed Grinder
  5217 | D:4      | Reached skill level 8 in Summonings
  5538 | D:5      | Entered Level 5 of the Dungeon
  5584 | D:5      | Reached XP level 7. HP: 36/46 MP: 3/13
  5930 | D:5      | Reached skill level 9 in Summonings
  5933 | D:5      | Noticed Pikel
  6004 | D:4      | Killed Pikel
  6004 | D:4      | Reached skill level 5 in Spellcasting
  6341 | D:5      | Noticed Edmund
  6360 | D:5      | Killed Edmund
  6360 | D:5      | Reached skill level 10 in Summonings
  6360 | D:5      | Reached XP level 8. HP: 41/52 MP: 12/16
  6429 | D:5      | Learned a level 3 spell: Summon Guardian Golem
  6854 | D:5      | Found a broken altar of Ashenzari.
  6858 | D:5      | Found a radiant altar of Vehumet.
  6861 | D:5      | Found a glowing golden altar of the Shining One.
  6863 | D:5      | Found a burning altar of Makhleb.
  6883 | D:5      | Became a worshipper of Makhleb the Destroyer
  7485 | D:6      | Got a pitted iron amulet
  7735 | D:6      | Found a runed translucent door.
  7736 | D:6      | Noticed Crazy Yiuf
  7814 | D:6      | Found a staircase to the Ecumenical Temple.
  7822 | Temple   | Entered the Ecumenical Temple
  8178 | D:6      | Found a sparkling altar of Nemelex Xobeh.
  8461 | D:6      | Killed Crazy Yiuf
  8559 | D:7      | Noticed a five-headed hydra
  8581 | D:7      | Killed a five-headed hydra
  8581 | D:7      | Reached skill level 11 in Summonings
  8881 | D:7      | Reached XP level 9. HP: 52/57 MP: 13/19
  9044 | D:7      | Reached * piety under Makhleb
  9330 | D:7      | Reached skill level 12 in Summonings
  9716 | D:7      | Found a snail-covered altar of Cheibriados.
 10190 | D:8      | Noticed a two-headed ogre
 10206 | D:8      | Killed a two-headed ogre
 10616 | D:8      | Identified the amulet "Xeb Geec" {Reflect Str+2 SH+5} (You
                  | found it on level 6 of the Dungeon)
 11276 | D:8      | Learned a level 4 spell: Summon Ice Beast
 11327 | D:8      | Found a blossoming altar of Fedhas.
 12505 | D:9      | Found a staircase to the Orcish Mines.
 12874 | D:9      | Reached ** piety under Makhleb
 13134 | D:9      | Found a staircase to the Lair.
 13452 | D:10     | Entered Level 10 of the Dungeon
 13621 | D:10     | Reached skill level 13 in Summonings
 13714 | D:10     | Found Ytuih's General Store.
 14293 | D:10     | Found Funepowu's Book Shoppe.
 14296 | D:10     | Found Akir's Book Shop.
 14475 | D:10     | Reached XP level 10. HP: 48/63 MP: 2/21
 15714 | D:11     | Noticed Nergalle
 15720 | D:11     | Noticed a spectral orc warlord
 15862 | D:11     | Killed Nergalle
 16009 | D:11     | Noticed a skeletal warrior
 16340 | D:11     | Noticed a skeletal warrior
 16362 | D:11     | Killed a skeletal warrior
 16362 | D:11     | Reached skill level 14 in Summonings
 16611 | D:11     | Noticed a two-headed ogre
 16614 | D:11     | Learned a level 4 spell: Summon Lightning Spire
 16619 | D:11     | Noticed a skeletal warrior
 16619 | D:11     | Killed a two-headed ogre
 16797 | D:10     | Killed a skeletal warrior
 16913 | D:11     | Noticed a boulder beetle
 17034 | D:11     | Found a portal to a secret trove of treasure.
 17121 | Lair:1   | Entered Level 1 of the Lair of Beasts
 17121 | Lair:1   | Found a shimmering altar of Xom.
 17134 | Lair:1   | Noticed a cane toad
 17145 | Lair:1   | Killed a cane toad
 17316 | Lair:1   | Noticed a cane toad
 17328 | Lair:1   | Killed a cane toad
 17414 | Lair:1   | Noticed a five-headed hydra
 17428 | Lair:1   | Killed a five-headed hydra
 17444 | Lair:1   | Found a gate leading to a gauntlet.
 17449 | Gauntlet | Entered a Gauntlet
 17449 | Gauntlet | Found a transporter.
 17449 | Gauntlet | Found a transporter.
 17454 | Gauntlet | Noticed a sixfirhy
 17498 | Gauntlet | Found a transporter.
 17498 | Gauntlet | Found a transporter.
 17500 | Gauntlet | Found a large runed translucent door.
 17500 | Gauntlet | Found a large runed translucent door.
 17500 | Gauntlet | Noticed a queen ant
 17501 | Gauntlet | Found a large runed translucent door.
 17501 | Gauntlet | Found a large runed translucent door.
 17502 | Gauntlet | Found a large runed translucent door.
 17502 | Gauntlet | Found a large runed translucent door.
 17502 | Gauntlet | Found a runed translucent door.
 17502 | Gauntlet | Found a runed translucent door.
 17503 | Gauntlet | Found a large runed translucent door.
 17504 | Gauntlet | Found a large runed translucent door.
 17516 | Gauntlet | Found a large runed translucent door.
 17517 | Gauntlet | Found a large runed translucent door.
 17519 | Gauntlet | Found a runed translucent gate.
 17520 | Gauntlet | Found a runed translucent gate.
 17521 | Gauntlet | Found a transporter.
 17524 | Gauntlet | Found a transporter.
 17531 | Gauntlet | Found a transporter.
 17531 | Gauntlet | Found a transporter.
 17531 | Gauntlet | Noticed an obsidian statue
 17559 | Gauntlet | Found a runed translucent gate.
 17561 | Gauntlet | Found a large runed translucent door.
 17561 | Gauntlet | Found a large runed translucent door.
 17562 | Gauntlet | Found a large runed translucent door.
 17565 | Gauntlet | Found a large runed translucent door.
 17566 | Gauntlet | Found a large runed translucent door.
 17566 | Gauntlet | Found a large runed translucent door.
 17583 | Gauntlet | Found a transporter.
 17615 | Gauntlet | Found a transporter.
 17631 | Gauntlet | Found a transporter.
 17644 | Gauntlet | Found a transporter.
 17714 | Gauntlet | Found a transporter.
 17729 | Gauntlet | Found a transporter.
 17750 | Gauntlet | Found a transporter.
 17756 | Gauntlet | Found a transporter.
 18534 | Gauntlet | Slain by a hornet simulacrum

Illustrated notes

Levels and vault maps discovered:
D:1:      saegor_arrival_simple_d, layout_rooms, chequers_serial_rivers_micro_d
D:2:      layout_rooms, overflow_temple_1_default, kennysheep_generic_room_12
D:3:      cheibrodos_thug_alley, layout_rooms, hex_intersection, minmay_bisected
D:4:      layout_loops_ring, uniq_grinder
D:5:      layout_rooms, minitemple, lightli_sewer_entry_pipes, uniq_edmund,
          uniq_pikel
D:6:      layout_rooms, minmay_temple_entry_wispy,
          chequers_serial_rivers_small_b, nemelex_xobeh_ov_fountains_minmay,
          uniq_crazy_yiuf_cottage
D:7:      layout_loops_ring, cheibrodos_worm_habitat
D:8:      layout_gridville, fedhas_altar_4
D:9:      layout_grid_maze, lair_entry_dummy, orc_0_dummy
D:10:     layout_grid_maze, serial_shops, shop, shop, shop
D:11:     layout_big_octagon, enter_trove_0, uniq_nergalle
Temple:   regret_index_temple_waves
Lair:1:   layout_cave_pods, basic_altar, gauntlet_entry_generic, st_stairs_8
Gauntlet: gammafunk_gauntlet_branching [gammafunk_gauntlet_arena_spirals,
          gammafunk_gauntlet_arena_teeth, nicolae_gauntlet_arena_grate_2,
          nicolae_gauntlet_swirl, minmay_gauntlet_arena_make_your_own_arena,
          gammafunk_gauntlet_arena_grid, gammafunk_gauntlet_arena_crates,
          gammafunk_gauntlet_arena_chambers, gauntlet_exit_watery]

Skill      XL: |  1  2  3  4  5  6  7  8  9 10 |
---------------+-------------------------------+-----
Summonings     | 5 6 7 8 10 11 13 14 | 14.9
Spellcasting   | 3 4 5 6 7 9 |  9.2
Shields        | 4 |  4.0
Dodging        | |  2.1
Stealth        | |  1.7

Action                   |  1- 3 |  4- 6 |  7- 9 | 10-12 || total
-------------------------+-------+-------+-------+-------++-------
Melee: Dagger            |     3 |     4 |    64 |    33 ||   104
       Whip              |    14 |    30 |       |       ||    44
       Long sword        |       |    13 |    20 |       ||    33
       Quarterstaff      |       |       |    13 |       ||    13
 Cast: Summon Small Mamm |   101 |   186 |    57 |       ||   344
       Call Canine Famil |       |    12 |    65 |    18 ||    95
       Summon Guardian G |       |       |    43 |    12 ||    55
       Summon Ice Beast  |       |       |    58 |    54 ||   112
       Summon Lightning  |       |       |       |     3 ||     3
 Abil: Hop               |       |     1 |     3 |     3 ||     7
  Use: Scroll            |       |     4 |     8 |    10 ||    22
       Potion            |       |       |       |     1 ||     1
 Stab: Distracted        |       |     2 |       |     1 ||     3
       Sleeping          |       |       |       |     1 ||     1
Armor: Robe              |    22 |    26 |    39 |    19 ||   106
Dodge: Dodged            |    31 |    59 |   116 |    40 ||   246
Block: Buckler           |       |       |    42 |    50 ||    92
       Reflection        |       |       |    14 |       ||    14
       Rpst.: Long sword |       |     4 |     7 |       ||    11

Table legend: (Time is in decaauts)
 A = Elapsed time spent in this place.
 B = Non-inter-level travel time spent in this place.
 C = Inter-level travel time spent in this place.
 D = Time resting spent in this place.
 E = Time spent auto-exploring this place.
 F = Levels seen in this place.
 G = Mean time per level.
                   A        B        C        D        E       F      G
               +--------+--------+--------+--------+--------+-----+--------+
         Total |  20107 |  18920 |   1187 |   4201 |  11058 |  14 | 1436.2 |
       Dungeon |  18465 |  17344 |   1121 |   3614 |  10455 |  11 | 1678.6 |
        Temple |    105 |     91 |     14 |      0 |     88 |   1 |  105.0 |
          Lair |    353 |    302 |     51 |     75 |    139 |   1 |  353.0 |
      Gauntlet |   1183 |   1183 |      0 |    512 |    374 |   1 | 1183.0 |
               +--------+--------+--------+--------+--------+-----+--------+

Top non-repeatable levels by time:
    D:10: 3262 daAuts
     D:3: 2669 daAuts
     D:4: 1970 daAuts
     D:8: 1942 daAuts
     D:7: 1794 daAuts
     D:9: 1734 daAuts
     D:6: 1615 daAuts
Gauntlet: 1183 daAuts
     D:5: 1127 daAuts
     D:2: 905 daAuts
     D:1: 887 daAuts
    D:11: 555 daAuts
  Lair:1: 353 daAuts
  Temple: 105 daAuts
